 Dungeon Crawl Stone Soup version 0.27-a0-907-g9722c47 (webtiles) character file.

Game seed: 5963350981174711349

4603 Nithhogg the Fighter (level 10, -2/75 (80) HPs)
             Began as a Demonspawn Fighter on Apr 7, 2021.
             Was a Follower of Makhleb.
             Killed by divine providence
             ... invoked by an orc priest
              (13 damage)
             ... on level 9 of the Dungeon.
             The game lasted 00:13:04 (10287 turns).

Nithhogg the Fighter (Demonspawn Fighter)          Turns: 10287, Time: 00:13:05

HP:   -2/75 (80)    AC: 20    Str: 19    XL:     10   Next: 19%
MP:   10/10         EV: 23    Int: 10    God:    Makhleb [*.....]
Gold: 467           SH: 12    Dex: 13    Spells: 9/9 levels left

rFire    + . .     SeeInvis .   q - +5 falchion
rCold    . . .     Faith    .   c - +1 kite shield
rNeg     . . .     Spirit   .   b - +0 scale mail
rPois    .         Reflect  .   (helmet restricted)
rElec    .         Harm     .   (no cloak)
rCorr    +         Rampage  .   (no gloves)
Will     .....                  (no boots)
Stlth    ..........             e - amulet of the acrobat
HPRegen  0.22/turn              h - ring of resist corrosion
MPRegen  0.12/turn              (no ring)

@: sanguine armoured, acrobatic, drained
A: hooves 1, sanguine armour 3, demonic magic 2, antennae 1, fire resistance 1
a: Renounce Religion


You were on level 9 of the Dungeon.
You worshipped Makhleb.
Makhleb was aware of your devotion.
You visited 2 branches of the dungeon, and saw 10 of its levels.

You collected 467 gold pieces.

Inventory:

Hand Weapons
 a - a +1 long sword
 k - a +5 dagger of speed
 q - a +5 falchion (weapon)
Missiles
 g - 2 curare-tipped darts (quivered)
Armour
 b - a +0 scale mail (worn)
 c - a +1 kite shield (worn)
 d - +0 steam dragon scales
Jewellery
 e - an amulet of the acrobat (around neck)
 h - a ring of resist corrosion (left hand)
 y - an amulet of magic regeneration
Wands
 i - a wand of paralysis (1)
 u - a wand of iceblast (3)
 w - a wand of random effects (14)
Scrolls
 f - a scroll of fog
 j - 2 scrolls of enchant armour
 m - 3 scrolls of noise
 s - 2 scrolls of enchant weapon
 t - a scroll of blinking {unknown}
 v - 4 scrolls of identify
 x - a scroll of magic mapping {unknown}
 A - a scroll of acquirement {unknown}
Potions
 l - a potion of heal wounds {unknown}
 n - a potion of berserk rage {unknown}
 o - a potion of cancellation {unknown}
 p - a potion of flight {unknown}
 r - 2 potions of curing {unknown}
 z - a potion of attraction {unknown}


   Skills:
 + Level 8.1 Fighting
 + Level 7.1 Long Blades
 + Level 7.4 Armour
 + Level 7.4 Shields


You had 9 spell levels left.
You didn't know any spells.
Your spell library was empty.

Dungeon Overview and Level Annotations

Branches:
Dungeon (9/15)             Temple (1/1) D:6
   Lair: D:8-11         Orc: D:9-12

Altars:
Ashenzari
Cheibriados
Dithmenos
Elyvilon
Fedhas
Gozag
Hepliaklqana
Kikubaaqudgha
Makhleb
Nemelex Xobeh
Okawaru
Qazlal
Ru
Sif Muna
Trog
Uskayaw
Vehumet
Wu Jian
Xom
Yredelemnul
Zin
The Shining One

Shops:
D:4 *   D:5 *


Innate Abilities, Weirdness & Mutations

You have large cloven feet.
When seriously injured, your bleeding wounds create very thick armour. (AC +12)
Spells you cast may paralyse nearby enemies.
You have a pair of small antennae on your head.
Your flesh is heat resistant. (rF+)


Message History

The orc priest is moderately wounded.
The orc priest calls upon Beogh to heal the orc priest.
The orc priest's wounds heal themselves!
You block the orc's attack. x2; The orc closely misses you.
You slash the orc priest!
You kick the orc priest, but do no damage.
The orc priest is heavily wounded.
The orc priest calls down the wrath of Beogh upon you.
Beogh smites you!
Your blood congeals into armour.
The orc closely misses you.
You riposte.
You slash the orc!
You kill the orc!
Makhleb accepts your kill. The orc hits you but does no damage.
The orc priest invokes the aid of Beogh against you.
You struggle to resist.
The orc hits you but does no damage.
You hit the orc priest. You kick the orc priest.
The orc priest is almost dead.
You block the orc's attack.
The orc priest mumbles some strange prayers to Beogh against you.
Pain shoots through your body! The orc misses you.
The orc hits you but does no damage.
You are too injured to fight recklessly!
You are too injured to fight recklessly!
You are too injured to fight recklessly!
You are too injured to fight recklessly!
You are too injured to fight recklessly!
You are too injured to fight recklessly!
The orc priest zaps a wand.
The puff of flame misses you.
The orc priest calls upon Beogh to heal the orc priest.
The orc priest is healed somewhat.
You block the orc priest's attack. You block the orc's attack.
The orc priest mumbles some strange prayers to Beogh against you.
Beogh smites you!
* * * LOW HITPOINT WARNING * * *
The orc priest invokes the aid of Beogh against you.
Beogh smites you!
* * * LOW HITPOINT WARNING * * *
The orc priest invokes the aid of Beogh against you.
Beogh smites you!
You die...

#........ ....
'.!...... ....
#........ .....
#.)..#
.....####oo..+
..........o..#
#.......oo...#
#........o...#
#........@...#
#####........#
#####....# #....#
#....#
#######....##
............#####
............#...#
............#...#


You could see 2 orc priests and 4 orcs.

Vanquished Creatures
  A gargoyle (D:8)
  A wyvern (D:7)
  4 hogs (D:7)
  A human (D:7)
  A steam dragon (D:5)
  A water moccasin (D:6)
  A sky beast (D:6)
  An ice beast (D:6)
  A necrophage (D:7)
  6 ogres
  4 centaurs
  2 kobold brigands
  A phantom (D:4)
  A bullfrog (D:8)
  A gnoll sergeant (D:9)
  A scorpion (D:5)
  A water moccasin zombie (D:5)
  2 water moccasin skeletons (D:5)
  7 wights
  3 howler monkeys
  2 centaur zombies (D:6)
  A jelly (D:4)
  Crazy Yiuf (D:7)
  A bullfrog zombie (D:6)
  An orc priest (D:7)
  A hound (D:7)
  Jessica (D:2)
  A bullfrog skeleton (D:5)
  3 iguanas
  An orc wizard (D:3)
  2 hound skeletons
  3 gnolls (D:9)
  8 adders
  2 ufetubi
  3 worms
  5 dart slugs
  20 orcs
  7 bats
  5 endoplasms
  5 giant cockroaches
  8 goblins
  8 hobgoblins
  4 jackals (D:3)
  3 quokkas
  2 ball pythons
  4 frilled lizards
  19 kobolds
  2 rats
164 creatures vanquished.

Vanquished Creatures (others)
  Maurice (D:8)
  5 fungi (D:4)
6 creatures vanquished.

Grand Total: 170 creatures vanquished

Notes
Turn   | Place    | Note
-------+----------+-------------------------------------------
     0 | D:1      | Nithhogg the Demonspawn Fighter began the quest for the
                  | Orb.
     0 | D:1      | Reached XP level 1. HP: 18/18 MP: 1/1
   236 | D:1      | Gained mutation: You have large cloven feet. [demonic
                  | ancestry]
   236 | D:1      | Reached XP level 2. HP: 22/24 MP: 2/2
   276 | D:1      | Found a faded altar of an unknown god.
   713 | D:2      | Reached XP level 3. HP: 21/29 MP: 3/3
   798 | D:2      | Noticed Jessica
   801 | D:2      | Killed Jessica
   981 | D:2      | Gained mutation: When seriously injured, your bleeding
                  | wounds create armour. (AC +12) [demonic ancestry]
   981 | D:2      | Reached XP level 4. HP: 35/35 MP: 4/4
  1366 | D:2      | You fall into a shaft and drop 1 floor!
  1503 | D:2      | You fall into a shaft and drop 2 floors!
  1745 | D:3      | Gained mutation: When seriously injured, your bleeding
                  | wounds create thick armour. (AC +12) [demonic ancestry]
  1745 | D:3      | Reached XP level 5. HP: 25/42 MP: 5/5
  2044 | D:2      | Reached skill level 4 in Fighting
  2388 | D:3      | Found a blossoming altar of Fedhas.
  2390 | D:3      | Found an iron altar of Okawaru.
  2830 | D:3      | Found an opulent altar of Gozag.
  2909 | D:4      | Noticed an ogre
  2929 | D:4      | Killed an ogre
  2930 | D:4      | Reached XP level 6. HP: 12/49 MP: 6/6
  3388 | D:4      | Found Zuonwyd's General Store.
  3855 | D:5      | Entered Level 5 of the Dungeon
  3940 | D:5      | Gained mutation: When seriously injured, your bleeding
                  | wounds create very thick armour. (AC +12) [demonic
                  | ancestry]
  3940 | D:5      | Reached XP level 7. HP: 16/55 MP: 7/7
  3945 | D:5      | Reached skill level 5 in Fighting
  4131 | D:5      | Noticed a steam dragon
  4141 | D:5      | Killed a steam dragon
  4438 | D:4      | Gained mutation: Armour fits poorly on your strangely
                  | shaped body. [potion of mutation]
  4438 | D:4      | Gained mutation: You are clumsy. (Dex -2) [potion of
                  | mutation]
  4438 | D:4      | Gained mutation: You passively map a small area around you.
                  | [potion of mutation]
  4439 | D:4      | Lost mutation: Armour fits poorly on your strangely shaped
                  | body. [potion of mutation]
  4439 | D:4      | Lost mutation: You passively map a small area around you.
                  | [potion of mutation]
  4439 | D:4      | Lost mutation: You are clumsy. (Dex -2) [potion of
                  | mutation]
  4439 | D:4      | Gained mutation: Your flesh is heat resistant. (rF+)
                  | [potion of mutation]
  4439 | D:4      | Gained mutation: You have a pair of small antennae on your
                  | head. [potion of mutation]
  4718 | D:5      | Found Cilumet's Assorted Antiques.
  4775 | D:5      | Found a shadowy altar of Dithmenos.
  4776 | D:5      | Found a stormy altar of Qazlal.
  4812 | D:5      | Found a hazy altar of Hepliaklqana.
  4851 | D:5      | Reached skill level 5 in Armour
  4883 | D:5      | Reached skill level 5 in Shields
  4883 | D:5      | Gained mutation: Spells you cast may paralyse adjacent
                  | enemies. [demonic ancestry]
  4883 | D:5      | Reached XP level 8. HP: 54/63 MP: 8/8
  6180 | D:6      | Found a staircase to the Ecumenical Temple.
  6223 | Temple   | Entered the Ecumenical Temple
  6248 | Temple   | Became a worshipper of Makhleb the Destroyer
  6304 | D:6      | Reached skill level 6 in Fighting
  6361 | D:6      | Reached skill level 5 in Long Blades
  6931 | D:6      | Gained mutation: Spells you cast may paralyse nearby
                  | enemies. [demonic ancestry]
  6931 | D:6      | Reached XP level 9. HP: 53/71 MP: 9/9
  7588 | D:7      | Reached skill level 7 in Fighting
  8361 | D:7      | Found a sparkling altar of Nemelex Xobeh.
  8361 | D:7      | Found a broken altar of Ashenzari.
  8399 | D:7      | Found a runed translucent door.
  8400 | D:7      | Noticed Crazy Yiuf
  8468 | D:7      | Killed Crazy Yiuf
  8551 | D:8      | Noticed a gargoyle
  8570 | D:8      | Killed a gargoyle
  8802 | D:8      | Reached * piety under Makhleb
  9038 | D:8      | Reached XP level 10. HP: 51/78 MP: 10/10
  9426 | D:8      | Noticed Maurice
  9440 | D:8      | Killed Maurice
  9441 | D:8      | Reached skill level 8 in Fighting
 10287 | D:9      | Killed from afar by an orc priest

Illustrated notes

Levels and vault maps discovered:
D:1:      dpeg_arrival_windows_large_door, layout_rooms, basic_ecumenical_altar,
          minmay_surrounded
D:2:      layout_basic, st_stairs_7, uniq_jessica
D:3:      layout_loops_ring, nicolae_overflow_hidden_temple,
          kennysheep_generic_room_8
D:4:      layout_loops_ring, serial_aquarium, aquarium_bridge_square
          [aquarium_subvault_window, aquarium_subvault_wall,
          aquarium_subvault_bridge, aquarium_subvault_balcony],
          aquarium_window_fake, aquarium_window_2, aquarium_view_2d,
          aquarium_view_2e, aquarium_balcony_3a, serial_shops, shop
D:5:      layout_loops_corners, nicolae_overflow_quartered_altars, serial_shops,
          shop
D:6:      layout_basic, temple_doors_e
D:7:      layout_loops_ring, gammafunk_temple_overflow_wave, grunt_livestock,
          uniq_crazy_yiuf_cottage
D:8:      layout_rooms, mrwooster_statue_mirror, feat_on_display, uniq_maurice
D:9:      layout_gridville, nicolae_wand_duel, minmay_stone_trees_small
Temple:   nicolae_temple_x_marks_the_god

Skill      XL: |  1  2  3  4  5  6  7  8  9 10 |
---------------+-------------------------------+-----
Long Blades    | 2 3 4 5 6 7 |  7.1
Armour         | 3 4 5 6 7 |  7.4
Shields        | 3 4 5 6 7 |  7.4
Fighting       | 4 5 6 7 8 |  8.1

Action                   |  1- 3 |  4- 6 |  7- 9 | 10-12 || total
-------------------------+-------+-------+-------+-------++-------
Melee: Long sword        |    65 |   101 |       |       ||   166
       Kick              |    10 |    54 |   119 |    31 ||   214
       Dagger            |       |   101 |   328 |    44 ||   473
       Falchion          |       |       |       |    43 ||    43
Throw: Dart              |       |       |       |     1 ||     1
Evoke: Wand              |       |       |    34 |     2 ||    36
  Use: Scroll            |     3 |       |     3 |     1 ||     7
       Potion            |       |     1 |     3 |       ||     4
 Stab: Distracted        |       |       |     1 |       ||     1
       Paralysed         |       |       |     4 |       ||     4
Armor: Scale mail        |    20 |    64 |    81 |    19 ||   184
       Skin              |       |       |     6 |       ||     6
Dodge: Dodged            |    24 |    47 |    66 |    21 ||   158
Block: Kite shield       |    25 |    96 |   141 |    56 ||   318
       Rpst.: Long sword |     6 |     5 |       |       ||    11
       Falchion          |       |       |       |     2 ||     2

Table legend: (Time is in decaauts)
 A = Elapsed time spent in this place.
 B = Non-inter-level travel time spent in this place.
 C = Inter-level travel time spent in this place.
 D = Time resting spent in this place.
 E = Time spent auto-exploring this place.
 F = Levels seen in this place.
 G = Mean time per level.
                   A        B        C        D        E       F      G
               +--------+--------+--------+--------+--------+-----+--------+
         Total |  10278 |  10002 |    276 |   1083 |   7555 |  10 | 1027.8 |
       Dungeon |  10214 |   9946 |    268 |   1083 |   7508 |   9 | 1134.9 |
        Temple |     63 |     55 |      8 |      0 |     47 |   1 |   63.0 |
               +--------+--------+--------+--------+--------+-----+--------+

Top non-repeatable levels by time:
     D:6: 1650 daAuts
     D:5: 1476 daAuts
     D:7: 1462 daAuts
     D:4: 1355 daAuts
     D:8: 1337 daAuts
     D:2: 1059 daAuts
     D:3: 1058 daAuts
     D:1: 700 daAuts
     D:9: 114 daAuts
  Temple: 63 daAuts
